 Dungeon Crawl Stone Soup version 0.26.0-57-g60708a5e39 (webtiles) character file.

Game seed: 4517893484063996133

271 Gadfly the Cudgeller (level 6, -2/59 HPs)
             Began as an Ogre Gladiator on Feb 2, 2021.
             Slain by a centaur skeleton (8 damage)
             ... on level 4 of the Dungeon.
             The game lasted 00:05:17 (3511 turns).

Gadfly the Cudgeller (Ogre Gladiator)               Turns: 3511, Time: 00:05:18

Health: -2/59      AC:  3    Str: 21    XL:     6   Next: 23%
Magic:  8/8        EV: 10    Int:  9    God:
Gold:   107        SH:  0    Dex: 10    Spells: 5/5 levels left

rFire    . . .     SeeInvis .   b - +2 dagger (elec)
rCold    . . .     Faith    .   (no shield)
rNeg     . . .     Spirit   .   o - +0 animal skin
rPois    +         Reflect  .   c - +0 hat
rElec    .         Harm     .   (no cloak)
rCorr    .         Rampage  .   (gloves unavailable)
Will     .....                  (boots unavailable)
Stlth    +.........             (no amulet)
HPRegen  0.19/turn              j - ring of poison resistance
MPRegen  0.11/turn              (no ring)

@: confused
A: large, unfitting armour, tough skin 1
a: no special abilities


You were on level 4 of the Dungeon.
You visited 1 branch of the dungeon, and saw 4 of its levels.

You collected 107 gold pieces.

Inventory:

Hand Weapons
 a - a +0 flail
 b - a +2 dagger of electrocution (weapon)
 n - a +5 short sword of venom
Missiles
 d - 5 throwing nets
 g - 162 stones (quivered)
 q - 3 boomerangs
Armour
 c - a +0 hat (worn)
 m - a +0 robe
 o - a +0 animal skin (worn)
Jewellery
 j - a ring of poison resistance (left hand)
Wands
 l - a wand of polymorph (8)
Scrolls
 e - 5 scrolls of teleportation
 p - 3 scrolls of remove curse
 r - a scroll of identify
Potions
 f - a potion of berserk rage
 h - a potion of haste


   Skills:
 - Level 2.6 Fighting
 + Level 3.2 Maces & Flails
 + Level 2.7 Throwing
 * Level 2.3 Armour
 - Level 2.6 Dodging
 * Level 3.0 Invocations
 * Level 2.2 Evocations


You had 5 spell levels left.
You didn't know any spells.
Your spell library contained the following spells:

 Spells                   Type           Power        Failure   Level
 Ensorcelled Hibernation  Hex/Ice        0%           52%         2
 Borgnjor's Vile Clutch   Necr/Erth      0%           100%        5
 Silence                  Hex/Air        0%           100%        5
 Shadow Creatures         Summ           N/A          100%        6


Dungeon Overview and Level Annotations

Branches:
Dungeon (4/15)
 Temple: D:4-7

Altars:
Ru
Sif Muna


Innate Abilities, Weirdness & Mutations

You are too large for most types of armour.
You have tough skin. (AC +1)


Message History

* * * LOW HITPOINT WARNING * * *
The centaur skeleton hits you!
* * * LOW HITPOINT WARNING * * *
You hit the centaur skeleton.
The centaur skeleton is severely damaged.
The centaur skeleton hits you.
* * * LOW HITPOINT WARNING * * *
You hit the centaur skeleton.
The centaur skeleton is severely damaged.
The centaur skeleton hits you.
* * * LOW HITPOINT WARNING * * *
You feel better. The centaur skeleton hits you.
* * * LOW HITPOINT WARNING * * *
The centaur skeleton hits you.
* * * LOW HITPOINT WARNING * * *
The centaur skeleton hits you.
* * * LOW HITPOINT WARNING * * *
You are confused.
You feel invigorated. The centaur skeleton hits you!
You die...

#.......#
#.#.....##
#>.......#
..########(.......#
.....$†...........#
$.......###......##
#######?.##.....##
#<....>Z.##
#..###..@.# ..##
#....# ## #...<#
#....# #...###
#...### ..## #.# ..


You could see a centaur skeleton.

Vanquished Creatures
  A howler monkey (D:4)
  2 orc wizards (D:3)
  2 worker ants
  Robin (D:2)
  4 adders
  A worm (D:2)
  2 dart slugs (D:1)
  9 orcs (D:3)
  15 goblins
  10 hobgoblins
  A quokka (D:3)
  2 ball pythons
  3 bats
  3 frilled lizards
  8 kobolds
  10 rats
74 creatures vanquished.

Notes
Turn   | Place    | Note
-------+----------+-------------------------------------------
     0 | D:1      | Gadfly the Ogre Gladiator began the quest for the Orb.
     0 | D:1      | Reached XP level 1. HP: 22/22 MP: 1/1
   290 | D:1      | Reached XP level 2. HP: 16/29 MP: 2/2
   526 | D:1      | Reached skill level 1 in Invocations
   875 | D:1      | Reached XP level 3. HP: 35/36 MP: 3/3
   912 | D:1      | Reached skill level 1 in Armour
  1134 | D:2      | Reached skill level 1 in Evocations
  1555 | D:2      | Noticed Robin
  1872 | D:2      | Reached XP level 4. HP: 41/44 MP: 5/5
  2084 | D:2      | Killed Robin
  2582 | D:3      | Reached XP level 5. HP: 31/50 MP: 6/6
  2859 | D:3      | Found a shimmering blue altar of Sif Muna.
  3298 | D:3      | Found a sacrificial altar of Ru.
  3484 | D:4      | Reached XP level 6. HP: 58/59 MP: 8/8
  3511 | D:4      | Slain by a centaur skeleton

Illustrated notes

Levels and vault maps discovered:
D:1:      saegor_arrival_simple_c, layout_loops_cross
D:2:      layout_basic, chequers_jeans, uniq_robin
D:3:      layout_basic, old_standard_altar, nicolae_ru_the_path_less_chosen
D:4:      minmay_chambers_of_threes, layout_rooms,
          nicolae_overflow_crystal_walls

Skill      XL: |  1  2  3  4  5  6 |
---------------+-------------------+-----
Invocations    | 1 2 3 |  3.0
Armour         | 1 2 |  2.3
Evocations     | 1 2 |  2.2
Maces & Flails | 3 |  3.2
Fighting       | |  2.6
Throwing       | |  2.7
Dodging        | |  2.6

Action                   |  1- 3 |  4- 6 || total
-------------------------+-------+-------++-------
Melee: Flail             |   131 |       ||   131
       Dagger            |       |   120 ||   120
Throw: Stone             |     2 |       ||     2
  Use: Scroll            |     5 |     3 ||     8
       Potion            |       |     5 ||     5
 Stab: Sleeping          |       |     1 ||     1
Armor: Robe              |    46 |     3 ||    49
       Animal skin       |       |    16 ||    16
Dodge: Dodged            |    68 |    51 ||   119
